 Dungeon Crawl Stone Soup version 0.31.0-11-ge490571c62 (webtiles) character file.

Game seed: 16050653426190302494

63 Killerpretzel the Changeling (level 4, -1/29 HPs)
             Began as an Octopode Shapeshifter on Feb 9, 2024.
             Slain by a gnoll
             ... wielding a +0 halberd
              (4 damage)
             ... on level 3 of the Dungeon.
             The game lasted 00:03:35 (1420 turns).

Killerpretzel the Changeling (OpSh)                 Turns: 1420, Time: 00:03:36

Health: -1/29      AC:  1    Str: 13    XL:     4   Next: 10%
Magic:  4/4        EV: 13    Int: 12    God:
Gold:   128        SH:  0    Dex: 13    Spells: 3/3 levels left

rFire   . .          .
                       - Unarmed
rCold   . . .        (no shield)
rNeg    . . .        (helmet currently unavailable)
rPois   .            (no amulet)
rElec   .            (no ring)
rCorr   .            (no ring)
SInv    .            (no ring)
Will    .....        (no ring)
Stlth   ++           (no ring)
HPRegen 0.24/turn    (no ring)
MPRegen 0.09/turn    (no ring)
                     (no ring)

%: no passive effects
@: beast-form
A: beast (slay +2), almost no armour, amphibious, 8 rings, camouflage 1,
gelatinous body 1, (nimble swimmer 1), tentacles
a: Begin Untransformation


You were on level 3 of the Dungeon.
You were a hulking beast.
You visited 1 branch of the dungeon, and saw 3 of its levels.

You collected 128 gold pieces.

Inventory:

Talismans
 b - a beast talisman
 c - a flux talisman
 d - a blade talisman
Scrolls
 e - a scroll of enchant weapon
 i - a scroll of identify
 l - a scroll of blinking {unknown}
Potions
 a - a potion of lignification
 g - a potion of might
 h - a potion of enlightenment
 j - a potion of ambrosia
 k - a potion of attraction {unknown}


   Skills:
 + Level 1.8 Fighting
 + Level 2.5 Dodging
 + Level 3.4 Unarmed Combat
 * Level 3.7 Shapeshifting


You had 3 spell levels left.
You didn't know any spells.
Your spell library was empty.

Dungeon Overview and Level Annotations

Branches:
Dungeon (3/15)

Altars:
Cheibriados


Innate Abilities, Weirdness & Mutations

You are a hulking beast.
Your limbs bulge with bestial killing power. (Slay +2)
You cannot wear most types of armour.
You are amphibious.
You can wear up to eight rings at the same time.
Your skin changes colour to match your surroundings (Stealth+).
Your rubbery body absorbs attacks. (AC +1, EV +1)
((You are camouflaged when in or above water. (Stealth+)))
You have tentacles for arms and can constrict up to eight enemies at once.


Message History

A gnoll comes into view. It is wielding a +0 club.
The gnoll shouts! x2; You hear a shout!
A gnoll comes into view. It is wielding a +0 halberd.
There are monsters nearby!
You completely miss the gnoll. Your grab misses the gnoll.
You squeeze the gnoll.
The gnoll is lightly wounded.
The gnoll hits you with a +0 whip!
There are monsters nearby!
You see here a scroll labelled JUVUCU ZALOR.
You bludgeon the gnoll! Your grab misses the gnoll. You squeeze the gnoll.
You kill the gnoll!
You completely miss the gnoll. Your grab misses the gnoll.
You squeeze the gnoll.
The gnoll is moderately wounded.
The gnoll hits you from afar with a +0 halberd!
The gnoll hits you with a +0 club!
* * * LOW HITPOINT WARNING * * *
You feel much better. The gnoll barely misses you. x2
You tentacle-slap the gnoll. Your grab misses the gnoll. You squeeze the gnoll.
The gnoll is severely wounded.
You closely miss the gnoll. You grab the gnoll.
The gnoll is severely wounded.
You constrict the gnoll. The gnoll hits you with a +0 club.
The gnoll closely misses you.
You bludgeon the gnoll!
You kill the gnoll!
The gnoll hits you from afar with a +0 halberd!
Ouch! That really hurt!
You have reached level 4!
The gnoll hits you with a +0 halberd!
* * * LOW HITPOINT WARNING * * *
Things that are here:
a +0 club; a +0 whip You closely miss the gnoll.
You grab the gnoll. You constrict the gnoll. The gnoll barely misses you.
You tentacle-slap the gnoll.
The gnoll is severely wounded.
You constrict the gnoll. The gnoll hits you with a +0 halberd.
You die...

###.#.####### ## #
##........# #..
#.######.# #.# #.#
#.# #.# ##.##
#.####
#.###...#####
#....#
#............
#######.#### #g..#
...........# ##h##
# #######.##.#
#?##.+
#.##.#####....####
#.##..............
#.##############..
#.# #.. #..


You could see a gnoll.

Vanquished Creatures
  2 gnolls (D:3)
  A ribbon worm (D:2)
  A dart slug (D:1)
  An orc (D:3)
  4 ball pythons
  A bat (D:1)
  4 endoplasms
  2 giant cockroaches
  2 goblins
  3 hobgoblins
  4 jackals (D:2)
  2 quokkas
  3 frilled lizards
  3 kobolds
  2 rats (D:1)
35 creatures vanquished.

Notes
Turn   | Place    | Note
-------+----------+-------------------------------------------
     0 | D:1      | Killerpretzel the Octopode Shapeshifter began the quest for
                  | the Orb.
     0 | D:1      | Reached XP level 1. HP: 13/13 MP: 1/1
   140 | D:1      | Reached XP level 2. HP: 18/18 MP: 2/2
   569 | D:2      | Found a snail-covered altar of Cheibriados.
   575 | D:2      | Reached XP level 3. HP: 23/23 MP: 3/3
   879 | D:2      | Found a faded altar of an unknown god.
  1413 | D:3      | HP: 1/24 [gnoll/+0 club (7)]
  1418 | D:3      | Reached XP level 4. HP: 10/29 MP: 4/4
  1420 | D:3      | Slain by a gnoll

Illustrated notes

Levels and vault maps discovered:
D:1:      nzn_arrival_crosshair, layout_rooms
D:2:      layout_rooms, shapermc_ecumenical_altar_acropolis, basic_altar
D:3:      layout_loops_ring, mainiacjoe_overflow_surrounded_room

Action                     |  1- 3 |  4- 6 || total
---------------------------+-------+-------++-------
  Melee: Unarmed           |    65 |     2 ||    67
         Constrict         |    16 |     1 ||    17
         Tentacles         |    14 |       ||    14
    Use: Scroll            |     9 |       ||     9
         Potion            |     1 |       ||     1
   Stab: Sleeping          |     7 |       ||     7
 Armour: Skin              |    25 |     2 ||    27
  Dodge: Dodged            |    40 |     1 ||    41
